 Dungeon Crawl Stone Soup version 0.31-a0-182-gc5ef74bbde (webtiles) character file.

Game seed: 17858252315389651595

22254 ketsa the Transmogrifier (level 12, 0/91 HPs)
             Began as a Vampire Earth Elementalist on June 20, 2023.
             Was an Elder of Nemelex Xobeh.
             Slain by a death yak (10 damage)
             ... on level 2 of the Lair of Beasts.
             The game lasted 00:52:48 (13734 turns).

ketsa the Transmogrifier (VpEE)                    Turns: 13734, Time: 00:52:49

Health: 0/91       AC: 12    Str:  7    XL:     12   Next: 61%
Magic:  23/23      EV: 14    Int: 28    God:    Nemelex Xobeh [****..]
Gold:   772        SH:  0    Dex: 15    Spells: 10/26 levels left

rFire   . . .        q - staff of conjuration
rCold   . . .        (no shield)
rNeg    . . .        G - +2 acid dragon scales
rPois   +            (no helmet)
rElec   .            y - +1 cloak {rPois}
rCorr   +            r - +0 pair of gloves
SInv    +            (no boots)
Will    +....        v - amulet of magic regeneration
Stlth   ++           x - +6 ring of intelligence
HPRegen 0.55/turn    B - ring of flight
MPRegen 0.58/turn

%: no passive effects
@: about to teleport, flying, healing quickly
A: alive, fangs 3, see invisible, vampiric 2
a: Exsanguinate, Renounce Religion, Draw Escape, Draw Destruction, Draw
Summoning, Triple Draw, Deal Four


You were on level 2 of the Lair of Beasts.
You worshipped Nemelex Xobeh.
Nemelex Xobeh was greatly pleased with you.
You visited 5 branches of the dungeon, and saw 18 of its levels.

You collected 772 gold pieces.

Inventory:

Hand Weapons
 s - the +5 hand axe "Ackupsae" {spect, *Noise Str+9 Stlth+}
   (You found it on level 3 of the Dungeon)

   Str:       It affects your strength (+9).
   *Noise:    It may make noises in combat.
   Stlth:     It makes you more stealthy.
 D - the +5 scythe "Finisher" {speed, execute}
   (You found it on level 9 of the Dungeon)
 L - a +2 scimitar of flaming
Missiles
 d - 20 poisoned darts (quivered)
 I - 4 atropa-tipped darts
Armour
 a - a +0 robe
 r - a +0 pair of gloves (worn)
 y - a +1 cloak of poison resistance (worn)
 G - +2 acid dragon scales (worn)
 K - a +2 robe of willpower
Magical Staves
 q - a staff of conjuration (weapon)
 C - a staff of poison
Jewellery
 v - an amulet of magic regeneration (around neck)
 w - an amulet of guardian spirit
 x - a +6 ring of intelligence (left hand)
 B - a ring of flight (right hand)
 O - a +6 ring of dexterity
Wands
 g - a wand of flame (35)
 u - a wand of charming (31)
 H - a wand of mindburst (14)
 J - a wand of polymorph (5)
 P - a wand of iceblast (2)
Scrolls
 c - 2 scrolls of revelation
 e - 3 scrolls of fear
 m - 6 scrolls of enchant weapon
 n - 3 scrolls of poison
 o - 2 scrolls of teleportation
 F - a scroll of noise
 M - 2 scrolls of fog
 N - a scroll of identify
Potions
 b - a potion of magic
 f - 4 potions of curing
 h - 2 potions of heal wounds
 i - 2 potions of enlightenment
 j - 6 potions of attraction
 k - 2 potions of haste
 l - 3 potions of invisibility
 p - a potion of mutation {unknown}
 t - 3 potions of degeneration {unknown}
 z - 2 potions of ambrosia {unknown}
 A - a potion of brilliance {unknown}
 E - 5 potions of lignification


   Skills:
 - Level 7.1 Fighting
 + Level 4.5 Armour
 - Level 7.3 Dodging
 - Level 3.0 Stealth
 - Level 7.5 Spellcasting
 * Level 7.0 Conjurations
 + Level 8.9 Transmutations
 - Level 7.3 Earth Magic
 + Level 7.8 Invocations


You had 10 spell levels left.
You knew the following spells:

 Your Spells              Type           Power      Damage    Failure   Level
a - Sandblast             Erth           100%       2d20      1%          1
b - Passwall              Tmut/Erth      45%        N/A       1%          2
c - Stone Arrow           Conj/Erth      100%       3d13      1%          3
d - Beastly Appendage     Tmut           100%       N/A       1%          1
e - Petrify               Tmut/Erth      54%        N/A       3%          4
f - Irradiate             Conj/Tmut      35%        3d23      10%         5

Your spell library contained the following spells:

 Spells                   Type           Power      Damage    Failure   Level
 Wereblood                Tmut           57%        N/A       1%          2
 Foxfire                  Conj/Fire      100%       2x1d9     2%          1
 Spider Form              Tmut/Pois      35%        N/A       4%          3
 Blade Hands              Tmut           28%        N/A       7%          5
 Gell's Gravitas          Tloc           10%        N/A       28%         3
 Teleport Other           Tloc           10%        N/A       28%         3
 Fireball                 Conj/Fire      22%        3d10      52%         5
 Dragon Form              Tmut           28%        N/A       90%         7
 Starburst                Conj/Fire      22%        6d8       98%         6
 Dispersal                Tloc           5%         N/A       100%        6
 Plasma Beam              Fire/Air       5%         2x1d15    100%        6


Dungeon Overview and Level Annotations

Branches:
Dungeon (12/15)            Temple (1/1) D:4            Lair (3/5) D:9
 Spider (1/4) Lair:2          Orc (1/2) D:11
  Swamp: Lair:2-3    Shoals: Lair:2-3

Altars:
Ashenzari
Cheibriados
Dithmenos
Fedhas
Gozag
Kikubaaqudgha
Makhleb
Nemelex Xobeh
Okawaru
Qazlal
Ru
Sif Muna
Trog
Uskayaw
Vehumet
Wu Jian
Xom
Yredelemnul

Shops:
D:5 =

Annotations:
D:9 Erolcha
Lair:2 1 runed translucent door, caveywoolpert's ghost, journeyman GrEE


Innate Abilities, Weirdness & Mutations

Your natural rate of healing is accelerated.
You have razor-sharp teeth.
You have supernaturally acute eyesight. (SInv)
You are afflicted with vampirism and can become a bat while bloodless.


Message History

Could not explore, unopened runed door.
There is a stone staircase leading down here.
You fly downwards.
Nemelex Xobeh deals you some cards!
You now have 9 escape cards, 23 destruction cards and 9 summoning cards.
The death yak bellows! x3
Found a stone staircase leading up.
There is a stone staircase leading up here.
The komodo dragon bites you! x2; The death yak gores you.
You fly upwards.
Level annotation: 1 runed translucent door, caveywoolpert's ghost, journeyman GrEE
There is a stone staircase leading down here.
Okay, then.
Casting: Stone Arrow (safe; 1% risk of failure)
Confirm with . or Enter, or press ? or * to list all spells.
Okay, then.
Okay, then.
You draw a card...
You have drawn the Elixir.
You begin rapidly regenerating health and magic.
The komodo dragon closely misses you. The komodo dragon bites you.
The death yak gores you! The death yak gores you!!
Okay, then.
You draw a card...
You have drawn the Tomb.
Walls emerge from the floor!
The komodo dragon misses you. The komodo dragon barely misses you.
The death yak gores you but does no damage.
The death yak closely misses you.
As you read the scroll of teleportation, it crumbles to dust.
You feel strangely unstable. The komodo dragon bites you! x2
* * * LOW HITPOINT WARNING * * *
The death yak barely misses you. The death yak gores you!
* * * LOW HITPOINT WARNING * * *
You feel much better. The komodo dragon bites you!
* * * LOW HITPOINT WARNING * * *
The komodo dragon bites you.
* * * LOW HITPOINT WARNING * * *
The death yak gores you!
* * * LOW HITPOINT WARNING * * *
The death yak gores you!
You die...
Your body disappears without a glow.

#P.............#.#...#.####
###..............##..#####P#
#P..............###...###...
#...............P###........
##...............###.........
#.#..............#.#.........
#.................#.P........
#..........#Yl...............
##..........#@Y^....([........
##...#.#P....##l..............รท
###...##.####.....###<...........
#....##### #....P# #.##.........
#...## #########...####..#..
..#.# #.......#.....# ...##
##............## ...#
#..............# ...#
#..........#...#


You could see 2 death yaks and 2 komodo dragons.

Vanquished Creatures
  An ettin (Orc:1)
  Snorg (D:10)
  A hydra (Lair:1)
  Erica (D:11)
  2 two-headed ogres
  Amaemon (Lair:1)
  3 cyclopes (D:11)
  2 black mambas
  5 elephants
  An orange demon (Lair:1)
  A gargoyle (D:10)
  6 cane toads
  A rime drake (Lair:1)
  6 komodo dragons
  2 trolls
  A hornet (D:11)
  A wind drake (Lair:1)
  12 blink frogs (Lair:2)
  3 wyverns
  3 yaks (D:10)
  A vampire (D:10)
  2 wraiths
  A basilisk (Lair:1)
  A steam dragon (Lair:1)
  3 vampire mosquitoes (D:11)
  2 acid dragons
  Edmund (D:5)
  11 water moccasins
  4 black bears
  5 wolves
  3 centaurs
  An ogre (D:5)
  A kobold brigand (D:7)
  11 bullfrogs
  3 gnoll sergeants
  10 scorpions
  3 killer bees (D:9)
  2 electric eels (Lair:2)
  3 howler monkeys
  2 lava snakes (Lair:2)
  3 orc priests
  A gnoll bouda (D:2)
  A sleepcap (D:5)
  Crazy Yiuf (D:3)
  3 hounds
  4 jellies
  Jessica (D:3)
  Ijyb (D:5)
  3 iguanas
  7 orc wizards
  12 adders
  18 gnolls
  3 river rats (D:5)
  2 white imps (D:5)
  5 worms
  6 dart slugs
  26 orcs
  6 ball pythons
  13 endoplasms
  9 giant cockroaches
  8 goblins
  7 hobgoblins
  4 jackals (D:1)
  8 kobolds
  5 quokkas
  7 bats
  6 frilled lizards
  4 rats
  A butterfly (D:4)
299 creatures vanquished.

Notes
Turn   | Place    | Note
-------+----------+-------------------------------------------
     0 | D:1      | ketsa the Vampire Earth Elementalist began the quest for
                  | the Orb.
     0 | D:1      | Reached XP level 1. HP: 13/13 MP: 3/3
   186 | D:1      | Reached XP level 2. HP: 19/19 MP: 1/5
   511 | D:1      | Gained mutation: You are afflicted with vampirism and can
                  | become a bat while bloodless. [Vampire growth]
   511 | D:1      | Reached XP level 3. HP: 20/24 MP: 2/6
  1034 | D:1      | Reached skill level 2 in Transmutations
  1451 | D:2      | Reached XP level 4. HP: 30/30 MP: 3/7
  1951 | D:3      | Learned a level 2 spell: Passwall
  1974 | D:3      | You fall into a shaft and drop 2 floors!
  1974 | D:5      | Entered Level 5 of the Dungeon
  2095 | D:4      | Found a staircase to the Ecumenical Temple.
  2104 | Temple   | Entered the Ecumenical Temple
  2251 | Temple   | Became a worshipper of Nemelex Xobeh the Trickster
  2542 | D:4      | Reached XP level 5. HP: 6/35 MP: 3/9
  2765 | D:4      | Reached skill level 3 in Transmutations
  2765 | D:4      | Reached skill level 5 in Earth Magic
  2772 | D:4      | Learned a level 3 spell: Stone Arrow
  2959 | D:4      | Reached skill level 1 in Conjurations
  2959 | D:4      | Reached XP level 6. HP: 30/41 MP: 3/10
  3347 | D:3      | Identified the +5 hand axe "Ackupsae" {spect, *Noise Str+9
                  | Stlth+}
  3812 | D:3      | Noticed Jessica
  3820 | D:3      | Killed Jessica
  4070 | D:3      | Found a runed translucent door.
  4071 | D:3      | Noticed Crazy Yiuf
  4075 | D:3      | Killed Crazy Yiuf
  4226 | D:5      | Reached XP level 7. HP: 46/46 MP: 9/11
  4250 | D:5      | Found a blossoming altar of Fedhas.
  4250 | D:5      | Found a snail-covered altar of Cheibriados.
  4276 | D:5      | Found Noilarat's Jewellery Shop.
  4386 | D:5      | Reached * piety under Nemelex Xobeh
  4565 | D:5      | Noticed Ijyb
  4569 | D:5      | Killed Ijyb
  4619 | D:5      | Received a gift from Nemelex Xobeh
  4649 | D:5      | Noticed a troll
  4654 | D:5      | Killed a troll
  4655 | D:5      | Reached skill level 1 in Invocations
  4746 | D:5      | Noticed Edmund
  4749 | D:5      | Killed Edmund
  4750 | D:5      | Reached XP level 8. HP: 48/52 MP: 10/12
  5458 | D:6      | Reached ** piety under Nemelex Xobeh
  5598 | D:6      | Received a gift from Nemelex Xobeh
  5967 | D:7      | Reached skill level 1 in Fighting
  6358 | D:7      | Learned a level 1 spell: Beastly Appendage
  6439 | D:7      | Learned a level 2 spell: Wereblood
  6761 | D:8      | Reached XP level 9. HP: 61/61 MP: 11/13
  6787 | D:8      | Received a gift from Nemelex Xobeh
  7046 | D:8      | Reached *** piety under Nemelex Xobeh
  7450 | D:8      | Reached skill level 5 in Conjurations
  7466 | D:9      | Noticed a troll
  7479 | D:9      | Killed a troll
  7510 | D:9      | Found a staircase to the Lair.
  7519 | Lair:1   | Entered Level 1 of the Lair of Beasts
  7534 | Lair:1   | Noticed a komodo dragon
  7634 | D:9      | Noticed Erolcha
  7681 | D:9      | Reached skill level 4 in Transmutations
  7702 | D:9      | Found the +5 scythe "Finisher" {speed, execute}
  7750 | D:9      | Noticed a two-headed ogre
  7753 | D:9      | Found an opulent altar of Gozag.
  7757 | D:9      | Killed a two-headed ogre
  7758 | D:9      | Reached skill level 5 in Spellcasting
  7758 | D:9      | Reached skill level 5 in Invocations
  7758 | D:9      | Reached XP level 10. HP: 58/71 MP: 6/17
  7789 | D:9      | Found an opulent altar of Gozag.
  7789 | D:9      | Found an opulent altar of Gozag.
  7859 | D:9      | Found an opulent altar of Gozag.
  7967 | D:10     | Entered Level 10 of the Dungeon
  7967 | D:10     | Noticed a gargoyle
  8021 | D:10     | Reached skill level 5 in Transmutations
  8321 | D:10     | Reached skill level 5 in Dodging
  8481 | D:10     | Noticed Snorg
  8488 | D:10     | Killed Snorg
  8489 | D:10     | Reached skill level 6 in Transmutations
  8514 | D:10     | Learned a level 4 spell: Petrify
  8521 | D:10     | Killed a gargoyle
  8947 | D:11     | Found a staircase to the Orcish Mines.
  8972 | Orc:1    | Entered Level 1 of the Orcish Mines
  8972 | Orc:1    | Noticed an ettin
  8976 | Orc:1    | Killed an ettin
  8977 | Orc:1    | Reached skill level 5 in Fighting
  9098 | D:11     | Reached XP level 11. HP: 66/79 MP: 8/19
  9102 | D:11     | Reached skill level 7 in Transmutations
  9241 | D:11     | Reached **** piety under Nemelex Xobeh
  9241 | D:11     | Received a gift from Nemelex Xobeh
  9292 | D:11     | Found a sacrificial altar of Ru.
  9495 | D:11     | Noticed Erica
  9503 | D:11     | Killed Erica
 10023 | D:11     | Noticed a two-headed ogre
 10028 | D:11     | Killed a two-headed ogre
 10469 | Lair:1   | Reached skill level 8 in Transmutations
 11051 | Lair:1   | Reached skill level 1 in Armour
 11623 | Lair:1   | Noticed Amaemon
 11630 | Lair:1   | Killed Amaemon
 11797 | Lair:1   | Noticed a four-headed hydra
 11798 | Lair:1   | Reached XP level 12. HP: 89/89 MP: 16/22
 11806 | Lair:1   | Killed a four-headed hydra
 12015 | Lair:1   | Identified the +2 quarterstaff of Heaxeet {freeze, Int+3}
 12623 | Lair:2   | Found a hole to the Spider Nest.
 12854 | Spider:1 | Entered Level 1 of the Spider Nest
 12925 | Lair:2   | Learned a level 5 spell: Irradiate
 13215 | Lair:2   | Received a gift from Nemelex Xobeh
 13466 | Lair:2   | Found a runed translucent door.
 13466 | Lair:2   | Noticed caveywoolpert's ghost (journeyman GrEE)
 13728 | Lair:3   | Noticed a death yak
 13728 | Lair:3   | Noticed a death yak
 13728 | Lair:3   | Noticed a death yak
 13728 | Lair:3   | Received a gift from Nemelex Xobeh
 13734 | Lair:2   | Slain by a death yak

Illustrated notes

Levels and vault maps discovered:
D:1:      dpeg_arrival_arbitrary_c, layout_rooms
D:2:      layout_basic
D:3:      layout_loops_ring, serial_bayou_crossing, uniq_crazy_yiuf_cottage,
          uniq_jessica
D:4:      layout_basic, minmay_temple_entry_butterflies
D:5:      layout_loops_ring, grunt_temple_overflow_open, serial_shops,
          nicolae_shop_advertising_works [nicolae_subvault_shop_adworks],
          portal_sewer_entry_e, uniq_edmund, uniq_ijyb
D:6:      layout_loops_corners, elyvilon_altar_5
D:7:      layout_basic
D:8:      layout_basic
D:9:      layout_rooms, nicolae_hepliaklqana_hippocampus,
          nicolae_gozag_conspicuous_consumption, due_lair_maze_entry_diamond,
          uniq_erolcha
D:10:     layout_rooms, uniq_snorg
D:11:     layout_basic, orc_0_dummy, nicolae_ru_great_annihilating_truth,
          uniq_erica
D:12:     layout_cave_pods, serial_shops, nicolae_shop_bloodbath_and_beyond
Temple:   minmay_temple_bridge_d
Lair:1:   layout_misc_corridors, enter_volcano_2, lemuel_fruit_tree,
          uniq_amaemon
Lair:2:   layout_cave_pods, nicolae_spider_entry_non_spiders,
          gammafunk_ghost_grave, nicolae_lair_liquid_snakes, grunt_megastairs_1
Lair:3:   beast_lair_carwin_large_3, layout_cave_pods, palyth_hydra_swamp_entry,
          lemuel_fruit_fields, uniq_gastronok
Spider:1: layout_spider_delve
Orc:1:    layout_diamond_mine, ebering_ghost_inner_flame, basic_altar

Skill      XL: |  1  2  3  4  5  6  7  8  9 10 11 12 |
---------------+-------------------------------------+-----
Transmutations | 2 3 4 6 8 |  8.9
Earth Magic    | 4 5 6 7 |  7.3
Spellcasting   | 3 5 6 7 |  7.5
Conjurations   | 1 2 3 4 5 6 7 |  7.0
Dodging        | 4 5 7 |  7.3
Invocations    | 1 3 5 6 7 |  7.8
Fighting       | 1 4 5 6 7 |  7.1
Armour         | 2 4 |  4.5
Stealth        | |  3.0

Action                     |  1- 3 |  4- 6 |  7- 9 | 10-12 || total
---------------------------+-------+-------+-------+-------++-------
  Melee: Unarmed           |       |    11 |     2 |       ||    13
         Bite              |       |     2 |       |       ||     2
  Throw: Dart              |       |       |       |     6 ||     6
   Cast: Sandblast         |    62 |    98 |   158 |   146 ||   464
         Stone Arrow       |       |       |     9 |   151 ||   160
         Petrify           |       |       |       |     1 ||     1
 Invoke: Draw Destruction  |       |       |     3 |     6 ||     9
         Draw Escape       |       |       |       |     3 ||     3
         Draw Summoning    |       |       |       |     1 ||     1
    Use: Scroll            |     2 |     4 |     9 |    10 ||    25
         Potion            |       |       |       |     1 ||     1
 Armour: Robe              |     2 |     6 |    16 |    20 ||    44
         Acid dragon scale |       |       |       |    18 ||    18
  Dodge: Dodged            |     8 |    33 |    86 |   148 ||   275

Table legend: (Time is in decaauts)
 A = Elapsed time spent in this place.
 B = Non-inter-level travel time spent in this place.
 C = Inter-level travel time spent in this place.
 D = Time resting spent in this place.
 E = Time spent auto-exploring this place.
 F = Levels seen in this place.
 G = Mean time per level.
                   A        B        C        D        E       F      G
               +--------+--------+--------+--------+--------+-----+--------+
         Total |  14017 |  13231 |    786 |   3450 |   6245 |  18 |  778.7 |
       Dungeon |  10756 |  10091 |    665 |   2446 |   4885 |  12 |  896.3 |
        Temple |    276 |    252 |     24 |      0 |    185 |   1 |  276.0 |
          Lair |   2971 |   2875 |     96 |   1000 |   1175 |   3 |  990.3 |
   Spider Nest |      1 |      1 |      0 |      0 |      0 |   1 |    1.0 |
  Orcish Mines |      9 |      9 |      0 |      4 |      0 |   1 |    9.0 |
               +--------+--------+--------+--------+--------+-----+--------+

Top non-repeatable levels by time:
  Lair:1: 1523 daAuts
    D:11: 1500 daAuts
  Lair:2: 1446 daAuts
     D:1: 1279 daAuts
     D:3: 1081 daAuts
     D:8: 964 daAuts
     D:6: 928 daAuts
    D:10: 918 daAuts
     D:4: 851 daAuts
     D:2: 845 daAuts
     D:9: 843 daAuts
     D:5: 778 daAuts
     D:7: 764 daAuts
  Temple: 276 daAuts
   Orc:1: 9 daAuts
